 Dungeon Crawl Stone Soup version 0.30-a0-12-gd8047c6341 (webtiles) character file.

Game seed: 1969813118755001084

13668 SensoryNuts the Severer (level 12, 0/106 HPs)
             Began as a Hill Orc Fighter on Aug 23, 2022.
             Slain by a skeletal warrior
             ... wielding a +0 short sword
              (11 damage)
             ... on level 10 of the Dungeon.
             The game lasted 00:14:46 (11638 turns).

SensoryNuts the Severer (Hill Orc Fighter)         Turns: 11638, Time: 00:14:46

Health: 0/106      AC: 25    Str: 29    XL:     12   Next: 8%
Magic:  12/12      EV:  8    Int:  6    God:
Gold:   931        SH:  6    Dex: 17    Spells: 11/11 levels left

rFire   . . .      SeeInvis .    a - +1 war axe
rCold   . . .      Faith    .    c - +0 buckler
rNeg    . . .      Spirit   .    x - +5 plate armour
rPois   .          Reflect  .    l - +0 helmet
rElec   .          Harm     .    (no cloak)
rCorr   .          Rampage  .    r - +2 pair of gloves
Will    .....                    m - +0 pair of boots
Stlth   ..........               (no amulet)
HPRegen 0.27/turn                e - +6 ring of strength
MPRegen 0.13/turn                (no ring)

@: no status effects
A: agile 1, strong 1
a: no special abilities


You were on level 10 of the Dungeon.
You visited 3 branches of the dungeon, and saw 13 of its levels.

You collected 931 gold pieces.

Inventory:

Hand Weapons
 a - a +1 war axe (weapon)
Armour
 c - a +0 buckler (worn)
 l - a +0 helmet (worn)
 m - a +0 pair of boots (worn)
 r - a +2 pair of gloves (worn)
 x - a +5 plate armour (worn)
Jewellery
 e - a +6 ring of strength (left hand)
 k - a +6 ring of intelligence
 y - a ring of see invisible
Wands
 f - a wand of light (6)
 j - a wand of roots (14)
 n - a wand of charming (12)
 o - a wand of digging (1)
Scrolls
 b - 3 scrolls of silence
 d - 4 scrolls of butterflies
 g - 3 scrolls of noise
 h - a scroll of fear
 u - a scroll of blinking
 v - 4 scrolls of teleportation
Potions
 i - 4 potions of mutation
 s - 4 potions of magic
 z - a potion of brilliance
 B - a potion of flight


   Skills:
 + Level 9.8 Fighting
 * Level 18.2 Axes
 + Level 9.6 Armour
 + Level 1.4 Dodging
 + Level 1.0 Stealth
 + Level 7.3 Shields


You had 11 spell levels left.
You didn't know any spells.
Your spell library contained the following spells:

 Spells                   Type           Power      Damage    Failure   Level
 Foxfire                  Conj/Fire      0%         2x1d4     99%         1
 Poisonous Vapours        Pois/Air       0%         N/A       100%        2
 Static Discharge         Conj/Air       0%         3-3/arc   100%        2
 Call Canine Familiar     Summ           0%         N/A       100%        3
 Portal Projectile        Hex/Tloc       0%         N/A       100%        3
 Corpse Rot               Necr/Pois/Air  0%         N/A       100%        4
 Dispel Undead            Necr           0%         3d6       100%        4
 Leda's Liquefaction      Hex/Erth       0%         N/A       100%        4
 Sticky Flame             Conj/Fire      0%         2d3       100%        4
 Alistair's Intoxication  Tmut/Pois      0%         N/A       100%        5
 Borgnjor's Vile Clutch   Necr/Erth      0%         N/A       100%        5
 Fireball                 Conj/Fire      0%         3d3       100%        5
 Eringya's Noxious Bog    Tmut/Pois      0%         N/A       100%        6


Dungeon Overview and Level Annotations

Branches:
Dungeon (11/15)            Temple (1/1) D:7            Lair (1/5) D:10
    Orc (0/2) D:9

Altars:
Ashenzari
Cheibriados
Dithmenos
Elyvilon
Fedhas
Gozag
Hepliaklqana
Kikubaaqudgha
Makhleb
Nemelex Xobeh
Okawaru
Qazlal
Ru
Sif Muna
Trog
Uskayaw
Vehumet
Wu Jian
Xom
Yredelemnul
Zin
The Shining One
Lugonu

Shops:
D:4 [:!   D:9 [

Annotations:
D:8 1 runed translucent door, Zonian's ghost, novice SpVM


Innate Abilities, Weirdness & Mutations

You are agile. (Dex +4, Str/Int -1)
Your muscles are strong. (Str +4, Int/Dex -1)


Message History

You are confused.
You feel invigorated. The skeletal warrior barely misses you.
The skeletal warrior hits you with a +0 short sword!
* * * LOW HITPOINT WARNING * * *
You bump into the rock wall.
The skeletal warrior barely misses you.
The skeletal warrior hits you with a +0 short sword.
The skeletal warrior hits you but does no damage.
Things that are here:
a +0 war axe; a +0 hand axe You feel less invigorated.
You feel less confused. The skeletal warrior barely misses you.
The skeletal warrior hits you with a +0 short sword!
* * * LOW HITPOINT WARNING * * *
You hit the skeletal warrior but do no damage.
The skeletal warrior is severely damaged.
The skeletal warrior hits you with a +0 short sword!
* * * LOW HITPOINT WARNING * * *
You hit the skeletal warrior but do no damage.
The skeletal warrior is severely damaged.
The skeletal warrior hits you but does no damage.
You hit the skeletal warrior but do no damage.
The skeletal warrior is severely damaged.
The skeletal warrior hits you with a +0 short sword!
* * * LOW HITPOINT WARNING * * *
You hit the skeletal warrior but do no damage.
The skeletal warrior is severely damaged.
You feel better.
The skeletal warrior hits you but does no damage.
You barely miss the skeletal warrior.
The skeletal warrior is severely damaged.
The skeletal warrior hits you but does no damage.
You hit the skeletal warrior.
The skeletal warrior is severely damaged.
The skeletal warrior hits you with a +0 short sword!
* * * LOW HITPOINT WARNING * * *
You hit the skeletal warrior but do no damage.
The skeletal warrior is severely damaged.
The skeletal warrior hits you with a +0 short sword!
You die...

..............#..........#
............###..........#
.........#### #..........#
.........# #<.........#
.........# #..........#
##'####### #######.####
#.....# #######..##
######'## #...).....#
........# ####..@z.....#
........###......).[...#
........'...##...>.....#
........######.........#
........# #.........#
........# #.........#
####'#### #.........# #.#
########### ##.#


You could see a skeletal warrior.

Vanquished Creatures
  A two-headed ogre (D:11)
  2 skeletal warriors (D:10)
  2 black mambas (Lair:1)
  2 cane toads (Lair:1)
  An unseen horror zombie (D:8)
  A komodo dragon (D:10)
  A kobold demonologist (D:11)
  9 trolls
  Sigmund (D:2)
  4 yaks (D:10)
  A shadow (D:10)
  3 wyverns
  Eustachio (D:6)
  A wraith (D:10)
  3 vampire mosquitoes (D:10)
  3 water moccasins
  An acid dragon (D:10)
  3 ice beasts
  A sky beast (D:8)
  4 orc warriors
  2 ogres (D:6)
  3 wolves (D:10)
  4 centaurs
  3 phantoms
  A kobold brigand (D:10)
  7 necrophages
  A gnoll sergeant (D:6)
  6 bullfrogs
  2 scorpions
  5 wights
  15 killer bees (D:8)
  3 electric eels (D:10)
  5 howler monkeys
  9 hounds
  A human zombie (D:8)
  3 jellies
  6 orc priests
  9 iguanas
  Jessica (D:2)
  Natasha (thrice) (D:3)
  15 orc wizards
  A killer bee zombie (D:8)
  3 mummies (D:8)
  2 howler monkey zombies (D:8)
  7 gnolls
  11 adders
  3 white imps
  A worm (D:4)
  A dart slug (D:2)
  34 orcs
  8 ball pythons
  9 bats
  6 endoplasms
  3 giant cockroaches
  14 goblins
  9 hobgoblins
  8 jackals
  13 kobolds
  2 quokkas
  3 frilled lizards
  2 rats (D:1)
289 creatures vanquished.

Vanquished Creatures (others)
  A fungus (D:8)
  17 plants
18 creatures vanquished.

Grand Total: 307 creatures vanquished

Notes
Turn   | Place    | Note
-------+----------+-------------------------------------------
     0 | D:1      | SensoryNuts the Hill Orc Fighter began the quest for the
                  | Orb.
     0 | D:1      | Reached XP level 1. HP: 19/19 MP: 1/1
    38 | D:1      | Reached XP level 2. HP: 22/27 MP: 2/2
    42 | D:1      | Reached skill level 3 in Axes
   355 | D:1      | Reached XP level 3. HP: 31/33 MP: 3/3
   426 | D:1      | Found a faded altar of an unknown god.
   986 | D:2      | Noticed Jessica
   990 | D:2      | Killed Jessica
   991 | D:2      | Reached skill level 4 in Axes
   991 | D:2      | Reached XP level 4. HP: 40/40 MP: 4/4
  1405 | D:2      | Noticed Sigmund
  1411 | D:2      | Killed Sigmund
  1412 | D:2      | Reached skill level 6 in Axes
  1412 | D:2      | Reached XP level 5. HP: 46/46 MP: 5/5
  1412 | D:2      | Reached XP level 6. HP: 52/52 MP: 6/6
  1535 | D:2      | Gained mutation: Your flesh is cold resistant. (rC+)
                  | [potion of mutation]
  1539 | D:2      | Lost mutation: Your flesh is cold resistant. (rC+) [potion
                  | of mutation]
  1539 | D:2      | Gained mutation: Your muscles are strong. (Str +4, Int/Dex
                  | -1) [potion of mutation]
  1539 | D:2      | Gained mutation: You are agile. (Dex +4, Str/Int -1)
                  | [potion of mutation]
  1571 | D:3      | Noticed Natasha
  1581 | D:3      | Killed Natasha
  1718 | D:3      | Identified the +7 chain mail "Vuddoiny" {rElec}
  1738 | D:3      | Noticed Natasha
  1740 | D:3      | Found a hide-covered altar of Uskayaw.
  1746 | D:3      | Killed Natasha
  1809 | D:3      | Noticed Natasha
  1818 | D:3      | Killed Natasha
  1819 | D:3      | Reached skill level 7 in Axes
  1951 | D:3      | Found a shimmering altar of Xom.
  2610 | D:4      | Reached XP level 7. HP: 57/60 MP: 7/7
  2650 | D:4      | Found a glowing golden altar of the Shining One.
  2694 | D:4      | Reached skill level 5 in Armour
  2897 | D:4      | Found Nielenif's Book Shop.
  2900 | D:4      | Found Xonipob's Distillery.
  2952 | D:4      | Reached skill level 8 in Axes
  2981 | D:4      | Found Xerch's Antique Armour Shop.
  2998 | D:4      | Found a radiant altar of Vehumet.
  3553 | D:5      | Entered Level 5 of the Dungeon
  3576 | D:5      | Reached skill level 9 in Axes
  3576 | D:5      | Reached XP level 8. HP: 61/67 MP: 8/8
  3580 | D:5      | Reached skill level 5 in Fighting
  3995 | D:5      | Identified the +5 scale mail of the Cricket {rElec}
  3996 | D:5      | Got the Handbook of the Summer
  4024 | D:5      | Reached skill level 10 in Axes
  4111 | D:6      | Reached skill level 1 in Dodging
  4187 | D:6      | Reached skill level 11 in Axes
  4313 | D:6      | Reached XP level 9. HP: 56/75 MP: 9/9
  4442 | D:6      | Noticed Eustachio
  4457 | D:6      | Killed Eustachio
  4458 | D:6      | Reached skill level 5 in Shields
  4530 | D:6      | Found an ancient bone altar of Kikubaaqudgha.
  4547 | D:6      | Reached skill level 12 in Axes
  4876 | D:6      | Found an ornate altar of the Wu Jian Council.
  5220 | D:6      | Reached skill level 13 in Axes
  5649 | D:7      | Found a staircase to the Ecumenical Temple.
  5673 | Temple   | Entered the Ecumenical Temple
  5993 | D:7      | Noticed a troll
  5994 | D:7      | Noticed a troll
  6009 | D:7      | Killed a troll
  6027 | D:7      | Killed a troll
  6028 | D:7      | Reached skill level 14 in Axes
  6028 | D:7      | Reached XP level 10. HP: 53/84 MP: 10/10
  6738 | D:8      | Found a blossoming altar of Fedhas.
  6912 | D:8      | Reached skill level 1 in Stealth
  6951 | D:8      | Found a runed translucent door.
  6953 | D:8      | Noticed Zonian's ghost (novice SpVM)
  6954 | D:8      | Identified the +5 spear "Dragonslayer" {freeze, *Slow rN+
                  | Int+7 Stlth+}
  6967 | D:8      | Found a shadowy altar of Dithmenos.
  7074 | D:8      | Reached skill level 15 in Axes
  7118 | D:8      | Found a sparkling altar of Nemelex Xobeh.
  7297 | D:8      | Found a white marble altar of Elyvilon.
  7688 | D:8      | Found a basalt altar of Yredelemnul.
  7866 | D:9      | Reached skill level 16 in Axes
  7958 | D:9      | Found a bloodstained altar of Trog.
  8048 | D:9      | Found Opuruf Rure's Antique Armour Shoppe.
  8309 | D:9      | Found a staircase to the Orcish Mines.
  8465 | D:9      | Reached XP level 11. HP: 93/93 MP: 11/11
  8706 | D:9      | Found a stormy altar of Qazlal.
  9006 | D:10     | Entered Level 10 of the Dungeon
  9435 | D:10     | Found a staircase to the Lair.
  9446 | D:10     | Reached skill level 17 in Axes
  9898 | D:10     | Found a snail-covered altar of Cheibriados.
  9973 | D:10     | Found a broken altar of Ashenzari.
 10108 | D:10     | Found an opulent altar of Gozag.
 10168 | Lair:1   | Entered Level 1 of the Lair of Beasts
 10907 | Lair:1   | Noticed a four-headed hydra
 10983 | D:11     | Noticed a two-headed ogre
 10990 | D:11     | Killed a two-headed ogre
 11161 | D:11     | Noticed a skeletal warrior
 11163 | D:11     | Noticed a skeletal warrior
 11171 | D:11     | Noticed a skeletal warrior
 11188 | D:11     | Noticed a skeletal warrior
 11414 | D:10     | Killed a skeletal warrior
 11415 | D:10     | Reached skill level 18 in Axes
 11415 | D:10     | Reached XP level 12. HP: 59/106 MP: 12/12
 11638 | D:10     | Slain by a skeletal warrior

Illustrated notes

Levels and vault maps discovered:
D:1:      evilmike_arrival_plus, layout_rooms,
          hellmonk_ecumenical_altar_leap_of_faith
D:2:      layout_loops_ring, uniq_sigmund, uniq_jessica
D:3:      layout_loops_cross, mainiacjoe_overflow_six_doors_small,
          nicolae_uskayaw_dance_hall, nrook_uturn, uniq_natasha
D:4:      layout_basic, nicolae_overflow_crystal_walls, lemuel_tele_altar,
          serial_shops, nicolae_shop_temple_entry_statues_fountains,
          nicolae_shop_crystal, shop, hangedman_minor_gate_pass
D:5:      layout_cave_pools
D:6:      layout_rooms, mainiacjoe_overflow_surrounded_room,
          kiku_gazebo_pond_becter, st_stairs_14, uniq_eustachio
D:7:      layout_basic, minmay_temple_entry_hall, minmay_three_doors
D:8:      layout_cave_pools, mainiacjoe_overflow_24_doors, kennysheep_mini_moat,
          nicolae_elyvilon_peaceful_grove, nicolae_dithmenos_shadow_blocks,
          lemuel_mausoleum_altar_yredelemnul, ebering_ghost_funeral_grove,
          enter_bailey_3
D:9:      layout_gridville, nicolae_qazlal_scattered_showers,
          trog_hazing_becter, orc_0_dummy, serial_shops,
          nicolae_shop_competitors_out_of_business, grunt_ministairs_2
D:10:     layout_roguey, grunt_gozag_statues, mainiacjoe_overflow_chevrons,
          cheibriados_altar_1, erik_lair_island, hangedman_decor_peaks_small
D:11:     layout_small_grid, statue_in_the_mist_lemuel,
          nicolae_elevator_lobby_plus, uniq_harold
Temple:   corrupted_temple
Lair:1:   layout_roguey, grunt_megastairs_5

Skill      XL: |  1  2  3  4  5  6  7  8  9 10 11 |
---------------+----------------------------------+-----
Axes           | 3 4 6 7 9 11 14 16 18 | 18.2
Fighting       | 4 5 6 7 9 |  9.8
Armour         | 4 5 6 7 9 |  9.6
Shields        | 4 6 7 |  7.3
Dodging        | 1 |  1.4
Stealth        | 1 |  1.0

Action                   |  1- 3 |  4- 6 |  7- 9 | 10-12 || total
-------------------------+-------+-------+-------+-------++-------
Melee: War axe           |    60 |   123 |   301 |   492 ||   976
  Use: Potion            |       |     6 |     6 |    12 ||    24
       Scroll            |       |     5 |    10 |    12 ||    27
Armor: Scale mail        |    34 |    42 |       |       ||    76
       Chain mail        |       |    38 |    72 |       ||   110
       Plate armour      |       |       |   205 |   293 ||   498
Dodge: Dodged            |    37 |    69 |   110 |   193 ||   409
Block: Buckler           |    19 |    38 |    73 |   119 ||   249

Table legend: (Time is in decaauts)
 A = Elapsed time spent in this place.
 B = Non-inter-level travel time spent in this place.
 C = Inter-level travel time spent in this place.
 D = Time resting spent in this place.
 E = Time spent auto-exploring this place.
 F = Levels seen in this place.
 G = Mean time per level.
                   A        B        C        D        E       F      G
               +--------+--------+--------+--------+--------+-----+--------+
         Total |  11562 |  11101 |    461 |      0 |   8986 |  13 |  889.4 |
       Dungeon |  10751 |  10330 |    421 |      0 |   8291 |  11 |  977.4 |
        Temple |     47 |     34 |     13 |      0 |     27 |   1 |   47.0 |
          Lair |    763 |    736 |     27 |      0 |    668 |   1 |  763.0 |
               +--------+--------+--------+--------+--------+-----+--------+

Top non-repeatable levels by time:
    D:10: 1553 daAuts
     D:8: 1375 daAuts
     D:6: 1168 daAuts
     D:9: 1129 daAuts
     D:7: 1101 daAuts
     D:3: 1045 daAuts
     D:4: 977 daAuts
     D:2: 845 daAuts
  Lair:1: 763 daAuts
     D:1: 748 daAuts
     D:5: 553 daAuts
    D:11: 253 daAuts
  Temple: 47 daAuts
